 Dungeon Crawl Stone Soup version 0.25-a0-589-g1e14c549ee (webtiles) character file.

Game seed: 16590711426703738115, levelgen mode: deterministic

0 An17 the Grave Robber (level 1, 13/13 HPs)
             Began as a Mummy Necromancer on Mar 9, 2020.
             Safely got out of the dungeon.
             The game lasted 00:00:33 (14 turns).

An17 the Grave Robber (Mummy Necromancer)             Turns: 14, Time: 00:00:35

Health: 13/13      AC:  2    Str: 11    XL:     1   Next: 0%
Magic:  4/4        EV: 12    Int: 14    God:
Gold:   0          SH:  0    Dex: 12    Spells: 4/5 levels left

rFire    x . .     SeeInvis .   (no weapon)
rCold    + . .     Gourm    .   (no shield)
rNeg     + + +     Faith    .   a - +0 robe
rPois    ∞         Spirit   .   (no helmet)
rElec    .         Reflect  .   (no cloak)
rCorr    .         Harm     .   (no gloves)
MR       .....                  (no boots)
Stlth    ++........             (no amulet)
HPRegen  0.04/turn              (no ring)
MPRegen  0.09/turn              (no ring)

@: no status effects
A: no food or potions, fire vulnerability, cold resistance 1, negative energy
resistance 3, torment resistance, unbreathing
a: no special abilities


You escaped.
You were not hungry.

You visited 1 branch of the dungeon, and saw 1 of its levels.

Inventory:

Armour
 a - a +0 robe (worn)


   Skills:
 + Level 1.5 Dodging
 + Level 1.5 Stealth
 + Level 2.6 Spellcasting
 + Level 4.0 Necromancy


You had 4 spell levels left.
You knew the following spells:

 Your Spells              Type           Power        Failure   Level  Hunger
a - Pain                  Necr           ##..         4%          1    N/A

Your spell library contained the following spells:

 Spells                   Type           Power        Failure   Level  Hunger
 Animate Skeleton         Necr           N/A          4%          1    N/A
 Vampiric Draining        Necr           ##........   13%         3    N/A
 Animate Dead             Necr           N/A          38%         4    N/A
 Agony                    Necr           ##......     75%         5    N/A

Dungeon Overview and Level Annotations

Branches:
Dungeon (1/15)

Altars:


Innate Abilities, Weirdness & Mutations

You do not eat or drink.
Your flesh is vulnerable to fire.
You are immune to poison.
Your flesh is cold resistant. (rC+)
You are immune to negative energy. (rN+++)
You are immune to unholy pain and torment.
You can survive without breathing.


Message History

The tentacle barely misses the minotaur.
The tentacle barely misses the formicid.
The tentacle slaps the minotaur!!
The tentacle slaps the formicid!!
The minotaur hits the tentacle.
The minotaur gores the tentacle!
The tentacle misses the formicid.
The tentacle slaps the formicid.
The tentacle slaps the minotaur!!
The minotaur dies!
The formicid hits the tentacle.
The tentacle slaps the formicid.
The tentacle closely misses the formicid.
The tentacle closely misses the spriggan.
The kraken bites the spriggan!!!
The spriggan dies!
The tentacle slaps the formicid!
The formicid dies!
Press: ? - help, v - describe, . - travel
Here: a kraken (water, heavily wounded, indifferent, fire blocked by a translucent stone wall) Some deep water.
There is a staircase leading out of the dungeon here.
Are you sure you want to leave the Dungeon?
This will make you lose the game!
You have escaped!

## #..#######..#
...#..#.†...#..#
#.#..#.≈≈≈.#..##
....#.w≈≈†#...##
.###..#.X≈≈.#.....
.w....#.†.†.#..####
#..#######......
#...............
#.....@...#.....
#...###.#...>...
#..# #.###.....
.... #.# .....
..... #.# ....
####. ..# #.# ..
... w# ##


You could see a neutral kraken and a neutral tentacle.

Vanquished Creatures (others)
  A minotaur (D:1)
  An octopode (D:1)
  A gargoyle (D:1)
  2 formicids (D:1)
  A spriggan (D:1)
  A vampire (D:1)
  A human (D:1)
  An ogre (D:1)
  A centaur (D:1)
  A mummy (D:1)
  A kobold (D:1)
  4 tentacles (D:1)
16 creatures vanquished.

Notes
Turn   | Place    | Note
-------+----------+-------------------------------------------
     0 | D:1      | An17 the Mummy Necromancer began the quest for the Orb.
     0 | D:1      | Reached XP level 1. HP: 13/13 MP: 4/4
     0 | D:1      | Noticed a human
     0 | D:1      | Noticed an octopode
     0 | D:1      | Noticed a gargoyle
     0 | D:1      | Noticed a formicid
     0 | D:1      | Noticed a formicid
     0 | D:1      | Noticed a kraken
     0 | D:1      | Noticed an ogre
     0 | D:1      | Noticed a minotaur
     0 | D:1      | Noticed a spriggan
     0 | D:1      | Noticed a centaur
     0 | D:1      | Noticed a vampire
     4 | D:1      | Killed a centaur
     5 | D:1      | Killed an octopode
     6 | D:1      | Killed a vampire
     6 | D:1      | Killed a human
     7 | D:1      | Killed a formicid
     8 | D:1      | Killed an ogre
     9 | D:1      | Killed a gargoyle
    10 | D:1      | Killed a minotaur
    10 | D:1      | Killed a spriggan
    11 | D:1      | Killed a formicid
    14 | D:$      | Safely got out of the dungeon.

Levels and vault maps discovered:
D:1:      nicolae_arrival_kraken_aquarium_a, layout_loops_ring

Table legend:
 A = Non-vault XP
 B = Vault XP
 C = Vault XP percentage of total XP
 D = Non-vault monster count
 E = Vault monster count
 F = Vault count percentage of total count
                 A         B        C        D         E       F
            +---------+---------+-------+---------+---------+-------
      Total |       0 |       0 |   N/A |       0 |       0 |  -nan
            +---------+---------+-------+---------+---------+-------
            +---------+---------+-------+---------+---------+-------
